 Dungeon Crawl Stone Soup version 0.18.1-8-gdd0e5ea (webtiles) character file.

28 Jerry the Shield-Bearer (level 3, 29/29 HPs)
             Began as a Demonspawn Fighter on May 23, 2016.
             Quit the game on level 1 of the Dungeon.
             The game lasted 00:02:01 (1233 turns).

Jerry the Shield-Bearer (Demonspawn Fighter)        Turns: 1233, Time: 00:02:02

Health: 29/29      AC:  6    Str: 17    XL:     3   Next: 0%
Magic:  3/3        EV:  7    Int:  7    God:
Gold:   52         SH:  9    Dex: 12    Spells: 0 memorised, 2 levels left

rFire  . . .     SeeInvis .     a - +0 flail
rCold  . . .     Gourm    .     b - +0 scale mail
rNeg   . . .     Faith    .     c - +0 shield
rPois  .         Spirit   .     (no helmet)
rElec  .         Dismiss  .     (no cloak)
rCorr  .         Reflect  .     (no gloves)
SustAt .         Harm     .     (no boots)
MR     .....                    (no amulet)
Stlth  ..........               (no ring)
                                l - -2 ring of intelligence (curse)

@: not resistant to hostile enchantments, extremely unstealthy
A: hooves 1, rot immunity
a: no special abilities


You were on level 1 of the Dungeon.
You were not hungry.

You visited 1 branch of the dungeon, and saw 2 of its levels.

You collected 52 gold pieces.

Inventory:

Hand Weapons
 a - a +0 flail (weapon)
Missiles
 q - 7 javelins (quivered)
Armour
 b - a +0 scale mail (worn)
 c - a +0 shield (worn)
Jewellery
 l - a cursed -2 ring of intelligence (left hand)
Scrolls
 j - a scroll of blinking {unknown}
 k - a scroll of fog {unknown}
 m - 2 scrolls of identify {unknown}
Potions
 d - a potion of might
 e - 2 potions of cure mutation {unknown}
 i - a potion of curing {unknown}
 n - a potion of flight {unknown}
 o - a potion of heal wounds {unknown}
Comestibles
 f - a bread ration
 g - 2 fruits
 h - a meat ration


   Skills:
 - Level 3.0 Fighting
 + Level 2.3 Maces & Flails
 + Level 3.0 Armour
 + Level 3.1 Shields


You had 2 spell levels left.
You didn't know any spells.

Dungeon Overview and Level Annotations

Branches:
Dungeon (2/15)

Altars:
Nemelex Xobeh


Innate Abilities, Weirdness & Mutations

You have large cloven feet.
You are immune to rotting.


Message History

The worm is heavily wounded.
You block the worm's attack.
Your shield and scale mail prevent you from hitting the worm.
The worm is heavily wounded.
The worm bites you but does no damage.
You barely miss the worm.
The worm is heavily wounded.
You block the worm's attack.
You sock the worm!
The worm is almost dead.
You hit the worm.
You kill the worm!
Your Armour skill increases to level 3!
You have reached level 3!
Your experience leads to an increase in your attributes!
Your base attributes are Str 16, Int 9, Dex 12.
Increase (S)trength, (I)ntelligence, or (D)exterity?
You feel stronger.
Your demonic ancestry asserts itself...
Your feet thicken and deform.
Are you sure you want to abandon this character and quit the game? (Confirm with "yes".)

#.......# #.###...............
#.......#####...#...............
#......)...(....#.........######
#......)#########.##...##.......
#.......##....#.#.####.#########
#.......##.####.#.# #.......#
#.......##.# #.#.####..####.#
#.......'..# #.#.......# #.#
##.......#######@#.#####.# #.#
.............>##)#.......# #.#
..............##.#.##########.##
...#####......##.(>............##
...# ###########...#########...
...#################.# #.##
#####.............##.#########.#
#..........................#
#..........................#


There were no monsters in sight!

Vanquished Creatures
  A worm (D:1)
  2 giant geckos (D:1)
  2 giant cockroaches (D:1)
  6 goblins (D:1)
  2 hobgoblins (D:1)
  A ball python (D:1)
  4 bats (D:1)
  A giant newt (D:1)
  3 kobolds (D:1)
  A rat (D:1)
23 creatures vanquished.

Notes
Turn   | Place    | Note
--------------------------------------------------------------
     0 | D:1      | Jerry the Demonspawn Fighter began the quest for the Orb.
     0 | D:1      | Reached XP level 1. HP: 18/18 MP: 1/1
   586 | D:1      | Gained mutation: You are immune to rotting. [demonic ancestry]
   586 | D:1      | Reached XP level 2. HP: 24/24 MP: 2/2
   716 | D:1      | Found a sparkling altar of Nemelex Xobeh.
  1232 | D:1      | Gained mutation: You have large cloven feet. [demonic ancestry]
  1232 | D:1      | Reached XP level 3. HP: 29/29 MP: 3/3
  1233 | D:1      | Quit the game

Skill      XL: |  1  2 |
---------------+-------+-----
Maces & Flails | 2 |  2.3
Shields        | 3 |  3.1
Armour         | 3 |  3.0
Fighting       | |  3.0

Action                   || total
-------------------------++-------
Melee: Flail             ||    99
  Eat: Chunk             ||     1
Armor: Scale mail        ||    50
Dodge: Dodged            ||    24
Block: Shield            ||    61
